Description

Corrected version of Harstem's PvZ Colossus all-in build, which he uploaded in a way that a) contained numerous incorrect timings which were not possible to execute, and b) wouldn't allow you to favorite it. This is a corrected version of his build.

VOD

https://www.youtube.com/watch?v=7vIdE4rmYaU

Replay - Deathaura LE (20)

Build Order

Get SALT Encoding   

  12  0:02  Probe  send a probe immediately to block zerg natural
  13  0:14  Probe  
  14  0:18  Pylon  at natural
  14  0:25  Probe  
  15  0:33  Probe  
  15  0:40  Gateway  
  15  0:41  Probe (Chrono Boost)  
  17  0:50  Assimilator  
  17  0:52  Probe  
  18  1:04  Probe  
  19  1:17  Probe  Rally to gas, 16 on minerals at all times
  20  1:25  Nexus  
  20  1:36  Cybernetics Core  
  20  1:38  Probe  
  21  1:44  Assimilator  
  21  1:50  Probe  
  21  1:53  Pylon  in main
  22  2:12  Stalker (Chrono Boost), Warp Gate  
  26  2:28  Robotics Facility  
  27  2:33  Adept  chrono nexus 1x
  34  3:03  Gateway  
  36  3:15  Robotics Bay  immediately as robo finishes
  36  3:17  Warp Prism (Chrono Boost)  
  39  3:22  Adept  
  39  3:25  Pylon  
  43  3:37  Pylon  
  45  4:03  Colossus (Chrono Boost)  send out warp prism with 2 adepts
  47  4:06  Assimilator  
  47  4:07  Pylon  
  55  4:13  Assimilator  
  47  4:19  Gravitic Drive (Chrono Boost)  rally colossus across the map to pick up with prism
  57  4:23  Pylon  
  57  4:28  Gateway x2  stop making probes at 44
  58  4:43  Disruptor (Chrono Boost)  
  61  4:49  Gateway x4  
  61  4:58  Pylon  chrono disruptor again
  61  5:01  Sentry  
  63  5:04  Stalker  
  65  5:09  Immortal  pick up colossus and harass mineral lines, be very careful
  69  5:23  Stalker  
  71  5:30  Stalker x3  
  77  5:37  Observer (Chrono Boost)  
  78  5:47  Sentry  
  78  5:48  Zealot x3  
  86  5:54  Sentry, Zealot x2  move out and full wall off with pylon at natural
  92  6:11  Sentry x2, Zealot x3  outside zerg natural with prism, continue warping in gateway units
Spawning Tool Build Advisor. Get it on Overwolf

Go to:

Details

  • Created by: Hworks
  • Published on: Jun 22, 2020
  • Modified on: Jun 24, 2020
  • Patch: 4.11.0
  • Difficulty: Medium
Show
View Real Time Build Order
Export as new Build Order

Comments (0)

There are no comments. Be the first!

Create an account to comment!